[Event "USA Championship Women 2022"]
[Site "Saint Louis"]
[Date "2022.10.07"]
[Round "3.6"]
[White "Abrahamyan, Tatev"]
[Black "Yu, Jennifer"]
[Result "1-0"]
[ECO "C54"]
[WhiteElo "2308"]
[BlackElo "2297"]
[Annotator "TA"]
[PlyCount "75"]
[EventDate "2022.09.05"]
[EventType "tourn"]
[EventCountry "USA"]
[SourceTitle "playchess.com"]
[Source "ChessBase"]
[SourceQuality "1"]
[TimeControl "40/5400+30:1800+30"]

1. e4 e5 2. Nf3 Nc6 3. Bc4 Bc5 4. c3 Nf6 5. d3 h6 6. O-O d6 7. Re1 O-O 8. h3 a6 9. Bb3 Re8 10. Nbd2 Be6 11. Bc2 Ba7 12. Nf1 {[%emt 0:02:24] C54: Giuoco Piano: 4 c3 Nf6, main lines with 5 d4 and 5 d3.} d5 13. exd5 Bxd5 {[%emt 0:09:32] 13...Bxd5 scores better than 13...Nxd5.} 14. Ng3 {[%emt 0:01:09] The position is equal.} Nh7 15. Qe2 Qd7 16. Nh4 Be6 {[%emt 0:13:10] Against Ngf5} 17. Qh5 {[%emt 0:20:41] Hoping for Ngf5.} Nf6 18. Qf3 Bd5 19. Ne4 {[%emt 0:00:19] [#]} Nh7 $146 ({Predecessor:} 19... Nxe4 20. dxe4 Be6 21. Nf5 Ne7 22. h4 Nxf5 23. exf5 Bd5 24. Qg3 Qc6 25. Be3 Bxe3 26. Rxe3 Qf6 27. Rae1 e4 {1-0 (44) Amin,B (2686)-Pantzar,M (2417) Chess.com INT 2020}) 20. Qh5 Ne7 {[%emt 0:07:31] Against Nf5} 21. Be3 f5 22. Bxa7 {[%emt 0:02:01] Nc5 is the strong threat.} Rxa7 $2 (22... fxe4 $14 23. Be3 (23. dxe4 Bf7 $17) 23... Bf7 24. Qxe5 exd3) 23. Nc5 $18 Qc6 {[%emt 0:00:05] aiming for ...Nf6.} 24. Rxe5 {[%emt 0:01:32][%cal Oh5e2] Threatens to win with Qe2!} Nf6 25. Qe2 Qxc5 {[%emt 0:00:51] [#]} 26. Re1 $1 g5 $2 (26... Raa8) 27. Nxf5 ({Weaker is} 27. d4 Qb5 $16) 27... Nxf5 28. Rxe8+ Nxe8 29. Qxe8+ Qf8 30. Qg6+ Ng7 31. d4 {[%emt 0:00:01] And now Qh7+ would win.} Ra8 32. Qxh6 {[%emt 0:00:55] White wants to mate with Bh7+.} Qf4 {[%emt 0:00:58] [#]} 33. Bh7+ $2 (33. Qh7+ $1 $18 Kf8 34. Qh8+ Kf7 35. Qxa8) 33... Kf8 $14 34. Bd3 {[%emt 0:00:33] Really sharp!} Bf7 $2 (34... Re8 $14 35. Rxe8+ Kxe8) 35. Qh8+ $18 {[%emt 0:00:25][%mdl 64] Skewer. White is clearly winning.} Bg8 36. Bc4 Qf7 37. Bxf7 Kxf7 38. Qh6 {[%emt 0:00:23] Weighted Error Value: White=0.37/Black=0.17 (very precise)} 1-0

[Event "USA Championship Women 2022"]
[Site "Saint Louis"]
[Date "2022.10.07"]
[Round "3.7"]
[White "Lee, Megan"]
[Black "Krush, Irina"]
[Result "1/2-1/2"]
[ECO "B62"]
[WhiteElo "2226"]
[BlackElo "2432"]
[Annotator "TA"]
[PlyCount "97"]
[EventDate "2022.09.05"]
[EventType "tourn"]
[EventCountry "USA"]
[SourceTitle "playchess.com"]
[Source "ChessBase"]
[SourceQuality "1"]
[TimeControl "40/5400+30:1800+30"]

1. e4 c5 2. Nf3 Nc6 3. d4 cxd4 4. Nxd4 Nf6 5. Nc3 d6 6. Bg5 e6 7. Bb5 Bd7 8. Qd3 {[%emt 0:00:38] B62: Sicilian: Richter-Rauzer: 6...e6: Unusual White 7th moves.} h6 $1 {[%emt 0:00:51][%mdl 4] is recently more successful than 8...Be7.} 9. Bh4 g5 10. Bg3 {[%emt 0:00:46] White is slightly better.} (10. Bxc6 $5 bxc6 11. Bg3 $11) 10... Ne5 {[%emt 0:01:49] [#]} 11. Bxe5 $146 ({Predecessor:} 11. Qe2 a6 12. Bxd7+ Nfxd7 13. h4 Rg8 14. hxg5 hxg5 15. O-O-O Rc8 16. Nb3 Qb6 17. f3 {1-0 (47) Deac,B (2679)-Mosadeghpour,M (2511) Chess.com INT 2022}) 11... dxe5 12. Bxd7+ Nxd7 13. Ndb5 a6 14. Nd6+ Bxd6 15. Qxd6 Rc8 16. O-O-O Rc6 (16... Qe7 $11 {is superior.}) 17. Qd2 Qc7 18. h4 g4 19. h5 (19. Qe2 $14) 19... Nb6 20. Qe2 (20. Nb1 $11) 20... Rxc3 $17 21. bxc3 {[%emt 0:02:31] [#]} Nc4 $1 {[%emt 0:00:08] aiming for ...Qc5.} 22. Rd3 Qb6 23. Rd8+ Qxd8 24. Qxc4 {[%emt 0:00:05][%mdl 4096] Endgame KQR-KQR} O-O 25. Qe2 (25. Rd1 $11 Qg5+ 26. Kb2) 25... Qg5+ 26. Qd2 Rd8 ({Black should try} 26... Kh7 $17) 27. Qxg5+ $11 hxg5 28. Rd1 {[%emt 0:04:19] [#]} (28. g3 $1 $11) 28... Rxd1+ (28... Rc8 $1 $17) 29. Kxd1 $17 {[%emt 0:00:01] KP-KP} g3 30. Ke2 $1 Kg7 {[%emt 0:11:26] ...Kh6 is the strong threat.} 31. Kf3 $1 f5 (31... Kh6 $5 32. Kxg3 Kxh5 $11) 32. Kxg3 {[%emt 0:01:13] Hoping for Kh3. The position is equal.} Kh6 33. Kh3 Kxh5 {[%emt 0:00:13] And now ...g4+ would win.} 34. g4+ Kg6 {[%emt 0:00:27] White must now prevent ...f4.} 35. Kg2 Kf6 {[%emt 0:03:31] Strongly threatening ...f4.} 36. Kf3 b6 37. c4 Kg6 38. Kg2 Kf7 39. Kf3 Kf6 40. a3 f4 41. Ke2 Ke7 42. Kd3 Kd6 43. f3 a5 44. Kc3 Kc5 45. a4 Kc6 46. Kd2 Kc5 47. Kc3 Kc6 {[%emt 0:00:06] ( -> ...Kc5)} 48. Kd2 Kc5 49. Kc3 {[%emt 0:00:15] Weighted Error Value: White=0.14 (very precise) /Black=0.10 (very precise)} 1/2-1/2

[Event "USA Championship Women 2022"]
[Site "Saint Louis"]
[Date "2022.10.08"]
[Round "4.1"]
[White "Krush, Irina"]
[Black "Eswaran, Ashritha"]
[Result "1-0"]
[ECO "E45"]
[WhiteElo "2432"]
[BlackElo "2365"]
[Annotator "TA"]
[PlyCount "99"]
[EventDate "2022.09.05"]
[EventType "tourn"]
[EventCountry "USA"]
[SourceTitle "playchess.com"]
[Source "ChessBase"]
[SourceQuality "1"]
[TimeControl "40/5400+30:1800+30"]

1. d4 Nf6 2. c4 e6 3. Nc3 Bb4 4. e3 b6 5. Nge2 Ba6 6. a3 Be7 7. Nf4 d5 8. cxd5 Bxf1 9. Kxf1 exd5 10. h4 {[%emt 0:00:22] E45: Nimzo-Indian: Rubinstein: 4...b6 5 Ne2 Ba6.} O-O 11. g4 c6 $1 12. g5 {[%emt 0:00:16] The position is equal.} Ne8 {[%emt 0:02:44] [#]} 13. Qg4 $146 (13. Qd3 {looks sharper.} a5 14. f3 Nc7 15. Kg2) ({Predecessor:} 13. Qd3) 13... Qd7 14. Qxd7 Nxd7 15. b3 Nc7 16. a4 Ne6 17. Nce2 Nxf4 18. Nxf4 Rac8 19. Ba3 Bxa3 20. Rxa3 Rfd8 (20... a5 $14) 21. Ke2 (21. a5 $16) 21... Nf8 (21... a5 $1 $11 {remains equal.}) 22. b4 {[%emt 0:09:34] White is more active.} c5 23. dxc5 bxc5 24. b5 Ne6 25. Nd3 d4 (25... f6 $11 {keeps the balance.}) 26. Ne5 $16 {[%emt 0:01:19] White stays focused until the end.} c4 (26... Rc7 $16 {was necessary.}) 27. Nc6 $18 d3+ (27... Rd7 $142 28. Rc1 c3) 28. Kd2 Nc5 29. f3 {[%emt 0:00:23] Prevents Ne4+. aiming for Ne7+.} ({Weaker is} 29. Nxd8 Ne4+ 30. Kc1 Rxd8 $16) (29. Ne7+ Kf8 30. Nxc8 Ne4+ 31. Kc1 Rxc8 $16) 29... Rd7 {[%emt 0:15:38] Against Ne7+} (29... Nb3+ {was called for.} 30. Rxb3 Rxc6 31. bxc6 cxb3) 30. Rc1 $1 ({Less strong is} 30. Ne5 Rdc7 $14) 30... Kf8 (30... Nb3+ $2 {[#]} 31. Rxb3 $1 cxb3 32. Ne7+ $1 Kf8 33. Nxc8 $18) 31. Rxc4 Ne6 32. Rxd3 Rdc7 33. Rd6 Nd8 34. Kc3 Ne6 35. Kb4 g6 36. a5 Rb7 37. Nd4 Rcb8 38. Nxe6+ Ke7 39. Rd5 Kxe6 {[%emt 0:00:27][%mdl 4096] Endgame KRR-KRR} 40. e4 {[%emt 0:00:44] Black must now prevent Rc6+.} Ke7 41. Rc6 Kf8 42. Rdc5 Kg7 43. Rc7 h6 44. Rxb7 Rxb7 {[%emt 0:00:05] KR-KR} 45. Rc6 hxg5 46. hxg5 {[%emt 0:00:00] White mates.} Rd7 47. b6 axb6 48. axb6 Rd1 49. Kc5 Rb1 50. Kd6 {[%emt 0:00:00] Weighted Error Value: White=0.21 (precise) /Black=0.37} 1-0

[Event "USA Championship Women 2022"]
[Site "Saint Louis"]
[Date "2022.10.08"]
[Round "4.2"]
[White "Lee, Alice"]
[Black "Yan, Ruiyang"]
[Result "1/2-1/2"]
[ECO "D37"]
[WhiteElo "2263"]
[BlackElo "2220"]
[Annotator "TA"]
[PlyCount "176"]
[EventDate "2022.09.05"]
[EventType "tourn"]
[EventCountry "USA"]
[SourceTitle "playchess.com"]
[Source "ChessBase"]
[SourceQuality "1"]
[TimeControl "40/5400+30:1800+30"]

1. d4 Nf6 2. c4 e6 3. Nf3 d5 4. Nc3 a6 5. cxd5 exd5 6. Bg5 {[%emt 0:00:04] D37: Queen's Gambit Declined: 5 Bf4.} Be6 7. Bxf6 Qxf6 8. Qb3 Ra7 9. a3 ({Resist} 9. Nxd5 Qd8 10. e4 c6 $14) 9... Qd8 10. h4 h6 {[%emt 0:03:23] Against Ng5} 11. Qc2 Nd7 12. e4 dxe4 13. Qxe4 Nf6 {[%emt 0:02:48] Against d5} 14. Qe3 Ng4 $1 {[%emt 0:02:05] [#]} 15. Qe2 $146 {[%emt 0:00:07] [#] Hoping for d5.} ({Predecessor:} 15. Qd2 Bd6 16. d5 Bf5 17. Bd3 Qf6 18. Bxf5 Qxf5 19. Qd4 Ra8 20. Ne4 O-O {½-½ (20) Moiseenko,A (2620)-Vetoshko,V (2523) Lvov 2021}) 15... c6 {[%emt 0:04:29][%cal Bc7c6,Bc6d5][%mdl 32] Prevents d5.} 16. d5 cxd5 {[%emt 0:03:40] aiming for ...Bc5.} 17. Nd4 Nf6 18. O-O-O Qc8 19. Kb1 {[%emt 0:16:36][%cal Og2g4] With the idea g4!} Bc5 20. Nxe6 Qxe6 21. Nxd5 (21. Qc2 {is more complex.} O-O 22. Nxd5 b6 23. Bc4) 21... Nxd5 22. Rxd5 {[%emt 0:00:06] Threatens to win with Re5.} Qxe2 23. Bxe2 b6 24. Rhd1 O-O 25. f3 a5 26. Bc4 g6 27. Rd7 Rxd7 28. Rxd7 $11 {[%emt 0:00:05][%mdl 4096] Endgame KRB-KRB} h5 29. Rb7 Kg7 30. Kc2 Bd4 31. Kb3 Bf2 32. Ka4 Bd4 33. b3 Bc5 34. Bd5 Kf6 35. Rd7 Be7 36. Rb7 Bc5 37. Bc4 g5 38. hxg5+ Kxg5 39. Bxf7 Kh4 40. b4 axb4 41. axb4 Be3 42. Re7 Bf2 43. Bd5 Rd8 44. Re5 Kg3 45. Rxh5 Kxg2 46. Rg5+ Kh3 47. Be6+ Kh4 48. Rg4+ Kh5 49. Rg2 Be3 50. Bf7+ Kh6 51. Rg6+ Kh7 52. Re6 Bf2 53. Be8 Kg7 54. Kb5 Rd5+ 55. Ka6 Rf5 56. Bc6 Rf6 57. Re2 Bd4 58. b5 Rf7 59. Re4 Bc5 60. Rc4 Kf6 61. f4 Re7 {[%emt 0:01:10] The position is equal.} 62. Be4 Rd7 63. Bc6 {[%emt 0:04:18] Rxc5 would kill now.} Rd4 {[%emt 0:01:13] [#]} 64. Rxc5 $1 bxc5 {[%emt 0:00:03] KR-KB} 65. b6 Rd8 66. b7 Ke6 67. Kb6 {[%emt 0:00:50] Strongly threatening Kc7.} Kd6 68. Bb5 Rb8 69. Bc4 Rh8 70. Bd3 Rb8 71. f5 Rf8 72. Be2 Ke5 73. Bd3 (73. Bg4 $5 Rb8 74. Be2 $11 (74. Kxc5 Rxb7 75. Bf3 Rf7 $11)) 73... c4 74. Bc2 {[%emt 0:00:16] White threatens Ka7 and mate.} Kd6 75. Bd1 c3 76. Bc2 Rb8 77. Bd3 $1 Rf8 78. Be4 Rb8 79. Bc2 Rf8 80. Bb3 (80. f6 $5) 80... Rb8 81. Ba4 Rf8 82. Bd1 $1 Rb8 83. Bb3 Rf8 84. f6 Rb8 85. f7 Ke7 86. Kc7 {[%emt 0:00:00] Chess con chili.} Rxb7+ 87. Kxb7 c2 88. Bxc2 {[%emt 0:00:00] Intending Bb3 and mate.} Kxf7 {[%emt 0:00:03] Weighted Error Value: White=0.05 (flawless) /Black=0.05 (flawless)} 1/2-1/2

[Event "USA Championship Women 2022"]
[Site "Saint Louis"]
[Date "2022.10.08"]
[Round "4.3"]
[White "Wu, Rochelle"]
[Black "Cervantes Landeiro, Thalia"]
[Result "1/2-1/2"]
[ECO "D85"]
[WhiteElo "2317"]
[BlackElo "2272"]
[Annotator "TA"]
[PlyCount "135"]
[EventDate "2022.09.05"]
[EventType "tourn"]
[EventCountry "USA"]
[SourceTitle "playchess.com"]
[Source "ChessBase"]
[SourceQuality "1"]
[TimeControl "40/5400+30:1800+30"]

1. d4 Nf6 2. c4 g6 3. Nc3 d5 4. cxd5 Nxd5 5. Bd2 Bg7 6. e4 Nxc3 7. Bxc3 O-O 8. Qd2 Nd7 {[%emt 0:08:31] D85: Exchange Grünfeld: Unusual White 7th moves and lines with 7 Nf3.} 9. h4 {[%emt 0:03:54] [#]} (9. Nf3 $11) 9... Nf6 $146 (9... e5 $1 $15) ({Predecessor:} 9... c5 10. d5 Nf6 11. f3 e5 12. g4 Ne8 13. h5 Nd6 14. hxg6 fxg6 15. Qh2 h6 16. Bxe5 {1-0 (24) Tristan,L (2535)-Savchenko,B (2564) Chess.com INT 2020}) 10. Bd3 (10. f3 $142) 10... c5 $11 11. d5 e6 12. d6 e5 (12... Qxd6 $2 13. e5 Qe7 14. exf6 Bxf6 15. h5 $18) 13. Bc2 $1 Bd7 (13... Re8 $11) 14. Ne2 (14. Bxe5 Re8 15. Nf3 Bg4 $15) (14. Nf3 $14) 14... Ng4 15. h5 Qf6 16. f4 (16. Nc1 $11) 16... b5 $1 $15 {[%emt 0:05:58][%cal Bb7b5,Bb5b4][%mdl 32] Strongly threatening ...b4.} 17. b3 b4 18. Bb2 Bb5 19. O-O-O Bxe2 $2 ({Black should try} 19... Rac8 $11) 20. Qxe2 $16 Qxf4+ 21. Kb1 Nf6 22. hxg6 (22. h6 $16 Bh8 23. d7) 22... hxg6 $14 23. Qc4 Nd7 (23... a5 $14) 24. Rdf1 {[%emt 0:03:21] White has more active pieces. The black rooks are badly placed.} (24. g4 $16) 24... Qd2 {[%emt 0:01:45][%csl LRd6,LRg2] Against Qe2} 25. Rd1 (25. Qa6 $14) 25... Qg5 (25... Qf4 $1 $11 {remains equal.}) 26. Bd3 {[%emt 0:01:03][%mdl 1024] White has strong compensation.} Rac8 (26... a5 $16) 27. Qc2 (27. Be2 $1 $18 {and the rest is easy.}) 27... Qf6 (27... Nf6 $16) 28. Bb5 Nb6 29. d7 Rc7 30. Qd3 $1 Rd8 31. Qh3 a6 (31... Kf8 $142) 32. Rdf1 $18 {[%emt 0:02:35] Really sharp!} (32. Bxa6 Qc6 $15) 32... Qe6 $2 {[%emt 0:02:56] [#]} (32... axb5 33. Rxf6 Bxf6 34. Qh7+ Kf8) 33. Qxe6 $2 ({Not} 33. Qh4 f6 34. Qh7+ (34. Bxa6 c4 $15) 34... Kf8 $14) (33. Qh7+ $1 $18 Kf8 {[#]} 34. Rh6 $1 (34. Qh4 f6 $11) 34... Rcxd7 35. Rxg6 (35. Bxd7 Qxd7 36. Rh3 Qg4 $11) 35... Qxg6 36. Qxg6 Rd1+ 37. Bc1 Rxf1 38. Qxb6) 33... fxe6 $11 34. Bxa6 Rcxd7 (34... c4 {looks sharper.} 35. Bc1 c3 36. Rh3 Nxd7 37. Bc4 Nc5) 35. Rc1 Rc7 36. Rhd1 Rxd1 37. Rxd1 c4 38. Rd6 c3 39. Bc1 Nd7 40. Bc4 {[%emt 0:02:21] This bishop pair is nice.} Nc5 41. Be3 (41. Rb6 $14) 41... Nxe4 42. Rxe6 {[%emt 0:01:14] The position is equal.} Kh7 43. Bd3 Nd2+ 44. Kc2 e4 $1 45. Bxe4 Nxe4 46. Rxe4 {[%emt 0:00:07][%mdl 4096] Endgame KRB-KRB} Bf8 47. Rc4 Re7 48. Kd3 Rd7+ 49. Rd4 Rf7 50. Rf4 Rd7+ 51. Rd4 Rb7 52. Rd8 Bg7 53. Bd4 Rc7 {[%emt 0:00:35] White must now prevent ...c2.} 54. Kc2 Rf7 55. Bc5 Rf5 56. Rc8 Rg5 57. Bxb4 Rxg2+ 58. Kd3 Rd2+ 59. Ke3 {[%emt 0:00:42] aiming for Rc7.} Rxa2 60. Bxc3 Bxc3 61. Rxc3 {[%emt 0:00:07] KR-KR} Rb2 62. Kf3 Kh6 63. Kg3 Rb1 64. Kg4 Rb2 65. Kg3 Rb1 66. Kg4 Rb2 67. Kg3 Rb1 68. Kg4 {[%emt 0:00:07] Blacks defense is rewarded with a draw.  Weighted Error Value: White=0.26 (precise) /Black=0.33} 1/2-1/2

[Event "USA Championship Women 2022"]
[Site "Saint Louis"]
[Date "2022.10.08"]
[Round "4.4"]
[White "Abrahamyan, Tatev"]
[Black "Foisor, Sabina-Francesca"]
[Result "1-0"]
[ECO "B10"]
[WhiteElo "2308"]
[BlackElo "2203"]
[Annotator "TA"]
[PlyCount "117"]
[EventDate "2022.09.05"]
[EventType "tourn"]
[EventCountry "USA"]
[SourceTitle "playchess.com"]
[Source "ChessBase"]
[SourceQuality "1"]
[TimeControl "40/5400+30:1800+30"]

1. e4 c6 2. Nf3 d5 3. d3 g6 4. e5 Bg7 5. d4 f6 6. c4 {[%emt 0:03:46] B10: Caro-Kann: 2 d3 and 2 c4.} Nh6 7. Nc3 {[%emt 0:05:07] [#]} Nf7 $146 (7... O-O $11 {remains equal.}) ({Predecessor:} 7... Be6 8. Qb3 Qd7 9. h3 O-O 10. Bf4 Nf7 11. exf6 exf6 12. Be2 a5 13. cxd5 cxd5 {1-0 (43) Ibarra Jerez,J (2553)-Bazarov,K (2262) Chess.com INT 2021}) 8. exf6 $16 {[%emt 0:06:33] White is better.} Bxf6 9. cxd5 cxd5 10. Qb3 e6 $1 11. h4 Nc6 12. Be3 Bd7 13. Bd3 (13. Qxb7 Rb8 14. Qa6 O-O $11) 13... Qb6 14. Qxb6 axb6 15. Rc1 Nd6 16. h5 Kf7 17. g4 e5 (17... Nc4 $14) 18. dxe5 (18. Nxd5 {is interesting.} Bxg4 19. Nxe5+ Bxe5 20. dxe5 Nxe5 21. Rc7+) 18... Nxe5 19. Nxe5+ Bxe5 20. Nxd5 {[%emt 0:01:44] aiming for Rc7.} Bc6 21. hxg6+ hxg6 22. Rxh8 Rxh8 23. Nb4 (23. Nxb6 Bxb2 24. Rc2 Bf6 $16) (23. Nf4 $1 $16) 23... Bf3 $1 $11 24. Rc7+ Ke6 (24... Kf6 $1 $11 {keeps the balance.}) 25. Bg5 {[%emt 0:02:35] White is more active.} (25. Bxb6 Ne4 26. Bxe4 (26. Rxb7 $2 Rh1+ 27. Bf1 Bg2 $19) (26. Bc4+ $2 Kd6 $17) 26... Bxc7 27. Bxf3 Bxb6 $15) (25. Bxg6 $16 {Bg5 is the strong threat.} Rg8 26. Bg5 $1) 25... Rh1+ (25... Ne4 $1 $11 26. Bxe4 (26. Re7+ Kd6 $11) 26... Bxe4) 26. Kd2 $16 Ne4+ 27. Bxe4 Bxe4 28. Re7+ Kd6 29. Nd3 Bxd3 30. Kxd3 {[%emt 0:00:03][%mdl 4096] Endgame KRB-KRB} Rd1+ 31. Ke4 Rd4+ 32. Kf3 Ra4 (32... Rd3+ $142 33. Ke2 Rd4) 33. Rxb7 Kc6 34. Re7 Kd6 35. b3 Rxa2 36. Rh7 Rb2 37. Rh6 Rxb3+ 38. Be3 b5 39. Rxg6+ Kd5 40. Rg8 {[%emt 0:00:40] Hoping for g5.} b4 {[%emt 0:00:42] [#] Black is now going downhill.} ({Black should play} 40... Rc3 $1 $14) 41. Rd8+ $1 Ke6 42. Ke4 {[%emt 0:08:12] Threatens to win with Re8+.} Bf6 43. Rb8 Rb1 $2 (43... Bc3 44. f4 Rb1 45. f5+ Kd7) 44. Rb6+ $18 Kf7 45. g5 Bc3 46. g6+ Ke8 47. Rb8+ Ke7 48. Bg5+ Kd6 49. Kf5 {[%emt 0:01:22] And now Bf6 would win.} Rf1 (49... Ra1 $142 50. Rd8+ Kc7) 50. Bf4+ $2 (50. f4) 50... Kc5 (50... Kd5 $142) 51. Rc8+ Kd5 $2 {[%emt 0:00:51] [#]} (51... Kb5 $18 52. Be3 Rd1 53. Rc5+ Ka6) 52. Rxc3 $1 {[%emt 0:00:20][%mdl 512] White mates.} bxc3 {[%emt 0:00:41] KR-KB} (52... Re1 53. Rd3+) 53. g7 Rxf2 54. g8=Q+ Kd4 55. Qe6 Rxf4+ 56. Kxf4 Kd3 57. Qe4+ Kd2 58. Qd4+ Kc2 59. Ke3 {[%emt 0:00:06] Weighted Error Value: White=0.26 (precise) /Black=0.35} 1-0

[Event "USA Championship Women 2022"]
[Site "Saint Louis"]
[Date "2022.10.08"]
[Round "4.5"]
[White "Yu, Jennifer"]
[Black "Morris-Suzuki, Sophie"]
[Result "1-0"]
[ECO "A36"]
[WhiteElo "2297"]
[BlackElo "2126"]
[Annotator "TA"]
[PlyCount "71"]
[EventDate "2022.09.05"]
[EventType "tourn"]
[EventCountry "USA"]
[SourceTitle "playchess.com"]
[Source "ChessBase"]
[SourceQuality "1"]
[TimeControl "40/5400+30:1800+30"]

1. c4 c5 2. Nc3 Nf6 3. e4 d6 4. g3 Nc6 5. Bg2 g6 6. Nge2 Bg7 7. d3 O-O 8. O-O Ne8 9. Be3 Nd4 10. Qd2 Nc7 {[%emt 0:04:44] A36: Symmetrical English vs ...g6: 4 Bg2 Bg7.} 11. f4 Rb8 {[%emt 0:06:30] [#]} 12. Nd5 $146 ({Predecessor:} 12. Rac1 b5 13. Bxd4 cxd4 14. Nxb5 Nxb5 15. cxb5 Rxb5 16. Rc2 e5 17. Rfc1 Bg4 18. h3 Bxe2 19. Qxe2 {0-1 (30) Khabibullin,R-Evdokimov,A St Petersburg 1998}) 12... Nxe2+ {[%emt 0:07:20] Black has an edge.} 13. Qxe2 Ne6 (13... b5 $5 ) 14. e5 b5 15. Rad1 Re8 (15... dxe5 $11 16. fxe5 Bb7) 16. b3 (16. Qf2 $5 ) 16... b4 (16... Nd4 $14 17. Bxd4 cxd4) 17. Qf2 (17. f5 $16 gxf5 18. Qh5) 17... Nd4 $14 18. Bxd4 cxd4 19. Qxd4 Bg4 {[%emt 0:00:31] White now steadily converts the win.} ({Black should try} 19... dxe5 $1 $14 20. fxe5 e6) 20. Rde1 ({Stronger than} 20. Qxa7 Bxd1 21. Rxd1 dxe5 22. fxe5 e6 23. Nf6+ Bxf6 24. exf6 Qxf6 $15) 20... a5 21. Qb2 {[%emt 0:05:55] White has more active pieces.} a4 22. d4 Qa5 23. Qd2 Qa7 24. Kh1 dxe5 25. fxe5 Red8 $2 (25... Be6 {is a better chance.} 26. Rd1 (26. Nxb4 Qa5 $16) 26... Bg4) 26. Qg5 $18 Qxd4 27. Re4 ({Less strong is} 27. Qxe7 Be6 $16) 27... Qb2 28. Rxg4 Qxa2 29. Nxe7+ Kh8 30. Rh4 {[%emt 0:05:10][%cal Oh4h7] Threatening mate with Rxh7+!} Rf8 31. Be4 {[%emt 0:00:37] White mates.} Qe2 {[%emt 0:00:38] [#]} 32. Nxg6+ $1 fxg6 {[%emt 0:00:13] [#]} 33. Rxh7+ $3 Kg8 {[%emt 0:00:07] [#]} 34. Rxg7+ $1 Kxg7 35. Qxg6+ Kh8 36. Qh7# {[%emt 0:00:02] Weighted Error Value: White=0.19 (very precise) /Black=0.77} 1-0

[Event "USA Championship Women 2022"]
[Site "Saint Louis"]
[Date "2022.10.08"]
[Round "4.6"]
[White "Zatonskih, Anna"]
[Black "Lee, Megan"]
[Result "1-0"]
[ECO "D35"]
[WhiteElo "2368"]
[BlackElo "2226"]
[Annotator "TA"]
[PlyCount "131"]
[EventDate "2022.09.05"]
[EventType "tourn"]
[EventCountry "USA"]
[SourceTitle "playchess.com"]
[Source "ChessBase"]
[SourceQuality "1"]
[TimeControl "40/5400+30:1800+30"]

1. d4 d5 2. c4 c6 3. Nc3 Nf6 4. Nf3 e6 5. cxd5 exd5 6. Bf4 Bf5 7. e3 Qb6 8. Qc1 Nbd7 9. Be2 {[%emt 0:03:52] D35: Queen's Gambit Declined: Exchange Variation.} Be7 10. h3 h6 11. Ne5 {[%emt 0:07:12] The position is equal.} Nxe5 12. Bxe5 O-O 13. O-O Qd8 14. Rd1 Bd6 15. Bxd6 Qxd6 {[%emt 0:00:01] [#]} 16. a3 $146 ({Predecessor:} 16. Bd3 Bxd3 17. Rxd3 Qe7 18. Qc2 Ne8 19. Ne2 Nd6 20. Rb3 Rfe8 21. Qc5 Qd7 22. Rc1 {½-½ (37) Pluess,P (2206)-Rosenthal,J (2338) Switzerland 2013}) 16... a5 17. Qd2 Rfe8 18. Rac1 Re7 19. Bf1 b5 20. Bd3 Bxd3 21. Qxd3 Rae8 22. Rc2 Nd7 23. a4 b4 24. Ne2 Nb8 {[%emt 0:00:46] Inhibits Qa6.} 25. Nc1 Ra7 26. Nb3 g6 27. Rdc1 Kg7 28. Rc5 Qd8 29. Nd2 Rae7 30. Nf3 Qb6 31. Ne5 Rc7 32. Qd1 {[%emt 0:04:26] White has more active pieces. The black rooks are badly placed.} f6 33. Nd3 {[%emt 0:00:59] [#] aiming for Nf4.} g5 {[%emt 0:00:46] Against Nf4} (33... Nd7 $16) 34. R5c2 Nd7 $2 (34... Ra7 {was worth a try.} 35. Qf3 Qd8) 35. Qg4 $18 {[%emt 0:01:14][%cal Oc2c6] And now Rxc6! would win.} Nf8 36. Nc5 {[%emt 0:00:16] Prevents Ne6.} Kg6 37. h4 {[%emt 0:01:49][%cal Bh3h4,Bh4h5][%mdl 32] Strongly threatening hxg5.} Ree7 (37... Rcc8 $142 38. f4 h5 39. f5+ Kh6 40. hxg5+ fxg5) 38. h5+ Kg7 39. Qf5 Ra7 40. Nb3 Re6 41. Rc5 Ra6 42. Qd3 Ra7 43. Nd2 Rf7 44. Qc2 Qa6 (44... f5 $142 45. Rxc6 Rxc6 46. Qxc6 Qxc6 47. Rxc6 f4) 45. Nb3 f5 46. Rxa5 Qb6 47. Rc5 Rff6 48. Qd3 f4 49. exf4 ({Don't do} 49. a5 $6 Qc7 $18) 49... Rxf4 50. a5 Qd8 (50... Qc7 51. a6 Rfe4) 51. Rxc6 Rxc6 52. Rxc6 Qe8 53. Rc7+ Kg8 54. Qd1 Re4 {[%emt 0:01:06] [#] ...Re1+ is the strong threat.} 55. Rc1 Ne6 56. Nc5 Nxd4 57. Nxe4 Qxe4 {[%emt 0:00:02][%mdl 4096] Endgame KQR-KQN} 58. Qe1 Ne2+ 59. Kf1 Qh4 60. Kxe2 {[%emt 0:00:13] White mates.} d4 61. f3 Qxh5 62. Kf2 Qh4+ 63. Kg1 Qf4 64. Qe8+ Kg7 65. Qe7+ Kg6 66. Qe4+ {[%emt 0:00:17] Weighted Error Value: White=0.20 (precise) /Black=0.33} 1-0